 Dungeon Crawl Stone Soup version 0.29.0-13-gc9e81de378 (webtiles) character file.

Game seed: 5904604460475550485

28 avis the Caller (level 2, 0/20 HPs)
             Began as a Demigod Summoner on Sept 9, 2022.
             Slain by a worm (9 damage)
             ... on level 2 of the Dungeon.
             The game lasted 00:05:13 (957 turns).

avis the Caller (Demigod Summoner)                   Turns: 957, Time: 00:05:14

Health: 0/20       AC:  3    Str:  9    XL:     2   Next: 75%
Magic:  5/7        EV: 11    Int: 17    God:
Gold:   76         SH:  0    Dex: 14    Spells: 2/5 levels left

rFire   . . .      SeeInvis .   h - +0 whip
rCold   . . .      Faith    .   (no shield)
rNeg    . . .      Spirit   .   g - +0 leather armour
rPois   .          Reflect  .   (no helmet)
rElec   .          Harm     .   (no cloak)
rCorr   .          Rampage  .   (no gloves)
Will    .....                   (no boots)
Stlth   ++........              (no amulet)
HPRegen 0.06/turn               (no ring)
MPRegen 0.10/turn               (no ring)

@: no status effects
A: high MP 1, forlorn, divine attributes
a: no special abilities


You were on level 2 of the Dungeon.
You visited 1 branch of the dungeon, and saw 2 of its levels.

You collected 76 gold pieces.

Inventory:

Hand Weapons
 h - a +0 whip (weapon)
Armour
 a - a +0 robe
 g - a +0 leather armour (worn)
Jewellery
 i - a ring of flight
Scrolls
 d - a scroll of poison {unknown}
 e - a scroll of torment {unknown}
 f - a scroll of identify {unknown}
 k - a scroll of teleportation {unknown}
 l - a scroll of blinking {unknown}
Potions
 b - a potion of magic
 c - a potion of lignification {unknown}
 j - a potion of curing {unknown}
 m - a potion of degeneration {unknown}


   Skills:
 + Level 0.0 Fighting
 - Level 2.1 Dodging
 - Level 2.2 Stealth
 * Level 2.1 Spellcasting
 + Level 3.8 Summonings


You had 2 spell levels left.
You knew the following spells:

 Your Spells              Type           Power      Damage    Failure   Level
a - Summon Small Mammal   Summ           56%        N/A       5%          1
c - Call Imp              Summ           14%        N/A       9%          2

Your spell library contained the following spells:

 Spells                   Type           Power      Damage    Failure   Level
 Call Canine Familiar     Summ           14%        N/A       17%         3
 Summon Guardian Golem    Hex/Summ       8%         N/A       36%         3
 Summon Lightning Spire   Summ/Air       8%         N/A       77%         4
 Blade Hands              Tmut           0%         N/A       100%        5
 Irradiate                Conj/Tmut      0%         3d11      100%        5
 Dragon Form              Tmut           0%         N/A       100%        7


Dungeon Overview and Level Annotations

Branches:
Dungeon (2/15)


Innate Abilities, Weirdness & Mutations

You have an increased reservoir of magic. (+10% MP)
You shall have no god before yourself.
Your divine heritage dramatically boosts your attributes as you level up.


Message History

You closely miss the goblin. The goblin hits you but does no damage.
You hit the goblin.
You kill the goblin!
You start resting.
Magic restored.
You start resting.
HP restored.
You climb downwards.
Your summoned ally is left behind.
The worm bites you.
There is a stone staircase leading up, spattered with blood here.
Casting: Call Imp (safe; 9% risk of failure)
Confirm with . or Enter, or press ? or * to list all spells.
A beastly little devil appears in a puff of flame.
You hit the worm but do no damage. The worm closely misses you.
Your crimson imp blinks!
You barely miss the worm. The worm barely misses you.
Unknown command.
You barely miss the worm. You hit the worm.
The worm is lightly wounded.
The worm completely misses you.
You hit the worm.
The worm is lightly wounded.
You barely miss the worm.
The worm is lightly wounded.
Your crimson imp hits the worm but does no damage.
The worm bites you but does no damage.
You hit the worm but do no damage.
The worm is lightly wounded.
Your crimson imp blinks!
The worm barely misses you.
You hit the worm.
The worm is moderately wounded.
You hit the worm.
The worm is moderately wounded.
Your crimson imp blinks!
The worm bites you.
Casting: Call Imp (safe; 9% risk of failure)
Confirm with . or Enter, or press ? or * to list all spells.
The worm bites you!
You die...

..# #.# #"#
#.#####
.######.#...
.......5r.####.
#....w.....>.
#@# #.# #.# ...
..# ...# .#.#
#...#


You could see a worm (ally target), a friendly crimson imp (summoned) and a
friendly rat (summoned).

Vanquished Creatures
  5 bats (D:1)
  An endoplasm (D:1)
  A giant cockroach (D:1)
  A goblin (D:1)
  3 hobgoblins (D:1)
  2 frilled lizards (D:1)
  A rat (D:1)
14 creatures vanquished.

Vanquished Creatures (collateral kills)
  A bat (D:1)
  3 kobolds (D:1)
  A quokka (D:1)
  3 frilled lizards (D:1)
  2 goblins (D:1)
  2 rats (D:1)
12 creatures vanquished.

Grand Total: 26 creatures vanquished

Notes
Turn   | Place    | Note
-------+----------+-------------------------------------------
     0 | D:1      | avis the Demigod Summoner began the quest for the Orb.
     0 | D:1      | Reached XP level 1. HP: 14/14 MP: 5/5
   179 | D:1      | Reached XP level 2. HP: 15/20 MP: 5/7
   726 | D:1      | Learned a level 2 spell: Call Imp
   957 | D:2      | Slain by a worm

Illustrated notes

Levels and vault maps discovered:
D:1:      lightli_arrival_maybe_door_vault, layout_basic
D:2:      layout_loops_ring, serial_shops, shop, grunt_decor_fettered,
          minmay_statues_item

Skill      XL: |  1 |
---------------+----+-----
Dodging        | 2 |  2.1
Stealth        | 2 |  2.2
Spellcasting   | 2 |  2.1
Summonings     | |  3.8

Action                   || total
-------------------------++-------
Melee: Unarmed           ||    23
       Whip              ||    43
 Cast: Summon Small Mamm ||    22
       Call Imp          ||     3
 Stab: Distracted        ||     1
Armor: Leather armour    ||    34
Dodge: Dodged            ||    48
